 Dungeon Crawl Stone Soup version 0.13.0-15-g9204fa6 (webtiles) character file.

310297 Kejsarherre the Severer (level 21, -3/145 HPs)
             Began as a Gargoyle Abyssal Knight on Oct 19, 2013.
             Was an Elder of Lugonu.
             Killed from afar by a fire giant (7 damage)
             ... with a bolt of fire
             ... on Level 5 of the Vaults on Oct 20, 2013.
             The game lasted 03:47:45 (61470 turns).

Kejsarherre the Severer (Gargoyle Abyssal Knight)  Turns: 61470, Time: 03:47:45

HP  -3/145       AC 36     Str 21      XL: 21   Next: 21%
MP  36/36        EV 20     Int 21      God: Lugonu [****..]
Gold 1856        SH 28     Dex  9      Spells:  3 memorised, 23 levels left

Res.Fire  : + + .   See Invis. : .   C - +8,+5 broad axe (distort)
Res.Cold  : + . .   Warding    : .   y - +6 mottled dragon armour
Life Prot.: + . .   Conserve   : +   z - +0 shield
Res.Poison: +       Res.Corr.  : .   A - +0 wizard hat {MR+}
Res.Elec. : +       Clarity    : .   O - +0 cloak of Starlight {rElec rC+ EV+4 Stlth-}
Sust.Abil.: . .     Spirit.Shd : .   b - +2 pair of dwarf gloves {Str+3}
Res.Mut.  : .       Stasis     : .   B - +0 pair of boots
Res.Rott. : +       Flight     : .   V - amulet of conservation
Saprovore : . . .                    w - ring of protection from fire
                                     g - ring of protection from fire

@: regenerating (expiring), very slightly contaminated, very resistant to
hostile enchantments, extremely unstealthy
A: large and strong wings, fangs 1, talons 2, life protection 1, +10% hp,
electricity resistance, slow metabolism 1, unbreathing, petrification
resistance, AC +15
a: Fly, Depart the Abyss, Bend Space, Banish, Corrupt, Renounce Religion
}: 2/15 runes: silver, gossamer


You were on level 5 of the Vaults.
You worshipped Lugonu.
Lugonu was greatly pleased with you.
You were hungry.

You visited 6 branches of the dungeon, and saw 44 of its levels.
You visited the Abyss 4 times.
You visited 1 bazaar.
You also visited: Labyrinth.

You collected 4504 gold pieces.
You spent 2668 gold pieces at shops.

Inventory:

Hand weapons
 C - a +8,+5 broad axe of distortion (weapon)
Armour
 b - a +2 pair of dwarven gloves of strength (worn)
 y - a +6 mottled dragon armour (worn)
 z - a +0 shield (worn)
 A - a +0 wizard hat of magic resistance (worn)
 B - a +0 pair of boots (worn)
 O - the +0 cloak of Starlight (worn) {rElec rC+ EV+4 Stlth-}
   (You bought it in a shop in a bazaar)

   It affects your evasion (+4).
   It protects you from cold.
   It insulates you from electricity.
   It makes you much less stealthy.
Magical devices
 c - a wand of teleportation (5)
 h - a wand of fire (10)
 j - a wand of fire (5)
 F - a wand of disintegration (12)
 J - a wand of fire (6)
 S - a wand of flame (6)
 T - a wand of digging (7)
 X - a wand of draining (6) {unknown}
Comestibles
 G - 6 bread rations
Scrolls
 d - 7 scrolls of remove curse
 k - 9 scrolls of blinking
 o - 2 scrolls of fear
 t - a scroll of teleportation
 u - 11 scrolls of identify
 I - a scroll of summoning {unknown}
 P - 4 scrolls of recharging
 Q - a scroll of fog
 W - 3 scrolls of silence
 Y - a scroll of magic mapping
Jewellery
 e - an uncursed amulet of resist mutation
 g - a ring of protection from fire (left hand)
 l - an uncursed amulet of warding {unknown}
 m - the ring "Mnehal" {Fire MR++ SInv, unknown}
   (You took it off a tengu reaver on level 5 of the Vaults)

   [ring of fire]

   It affects your resistance to hostile enchantments.
   It enhances your eyesight.
 p - an uncursed amulet of resist corrosion
 w - a ring of protection from fire (right hand)
 E - an uncursed ring of protection from cold
 K - an uncursed ring of positive energy
 M - an uncursed ring of protection from cold
 V - an amulet of conservation (around neck)
 Z - an uncursed ring of see invisible
Potions
 a - a potion of brilliance
 f - 9 potions of curing
 i - a potion of berserk rage
 q - 2 potions of magic
 s - 5 potions of might
 v - a potion of cure mutation
 x - a potion of heal wounds
 D - 3 potions of resistance
 H - 3 potions of agility
 L - 3 potions of invisibility
 R - a potion of porridge
 U - 4 potions of restore abilities
Books
 n - a book of Power

   Spells                             Type                      Level
   Iskenderun's Mystic Blast          Conjuration                  4
   Venom Bolt                         Conjuration/Poison           5
   Bolt of Magma                      Conjuration/Fire/Earth       5
   Fulminant Prism                    Conjuration/Hexes            5
   Iron Shot                          Conjuration/Earth            6
   Orb of Destruction                 Conjuration                  7
 r - a book of Ice

   Spells                             Type                      Level
   Freezing Aura                      Charms/Ice                   2
   Ensorcelled Hibernation            Hexes/Ice                    2
   Ozocubu's Refrigeration            Ice                          6
   Bolt of Cold                       Conjuration/Ice              6
   Freezing Cloud                     Conjuration/Ice/Air          6
   Metabolic Englaciation             Hexes/Ice                    6
   Simulacrum                         Ice/Necromancy               6
 N - a book of Spatial Translocations

   Spells                             Type                      Level
   Apportation                        Translocation                1
   Portal Projectile                  Translocation                2
   Blink                              Translocation                2
   Shroud of Golubria                 Charms/Translocation         2
   Teleport Other                     Translocation                3
   Passage of Golubria                Translocation                4


   Skills:
 + Level 15.1 Fighting
 + Level 16.9 Axes
   Level 15.3 Maces & Flails
 + Level 10.0 Armour
 + Level 12.2 Dodging
 + Level 16.1 Shields
 - Level 4.8 Spellcasting
 - Level 5.6 Conjurations
 - Level 6.8 Charms
 - Level 3.0 Necromancy
 - Level 2.0 Air Magic
 * Level 15.3 Invocations
 - Level 0.6 Evocations


You had 23 spell levels left.
You knew the following spells:

 Your Spells              Type           Power        Failure   Level  Hunger
a - Swiftness             Chrm/Air       ###.......   2%          2    None
b - Shock                 Conj/Air       ###.         1%          1    None
c - Regeneration          Chrm/Necr      ####......   4%          3    ##.....


Dungeon Overview and Level Annotations

Branches:
Dungeon (17/27)            Temple (0/1) D:7             Orc (4/4) D:8
    Elf (0/3) Orc:4          Lair (8/8) D:9           Swamp (5/5) Lair:4
 Spider (5/5) Lair:4        Slime (0/6) Lair:8       Vaults (5/5) D:17
  Blade (0/1) Vaults:3
  Crypt: Vaults:2-3

Altars:
Kikubaaqudgha
Makhleb
Yredelemnul
Beogh

Shops:
D:9 =   D:12 !   D:16 (   Orc:3 =   Orc:4 *+[([}%   Vaults:3 ?

Annotations:
Swamp:2 exclusion: Roxanne, Roxanne
Swamp:5 Lernaean hydra
Abyss:1 Donald, Frances


Innate Abilities, Weirdness & Mutations

You are resistant to torment.
You are immune to poison.
You can fly continuously.
Your stone body is very resilient (AC +15).
Your wings are large and strong.
You have very sharp teeth.
You have razor-sharp toenails.
You resist negative energy.
You are resistant to electric shocks.
You have a slow metabolism.
You can survive without breathing.
You are immune to petrification.
You are robust (+10% HP).


Message History

The tengu reaver is moderately wounded.
The titan hits you!
* * * LOW HITPOINT WARNING * * *
The tengu reaver casts a spell at you. The bolt of magma hits you!
You partially resist.
* * * LOW HITPOINT WARNING * * *
The battlesphere fires!
The barrage of energy hits you!
* * * LOW HITPOINT WARNING * * *
Unknown command.
Unknown command.
Unknown command.
Read which item? (? for menu, Esc to quit)
Blink to where?
Press: ? - help, Dir - move target cursor
As you read the scroll of blinking, it crumbles to dust.
Your surroundings suddenly seem different.
The fire giant shouts!
The vault sentinel shouts!
The fire giant gestures at you while chanting.
The bolt of fire hits you! You resist.
You die...

.......(%(((%(......
.........@<)[.......
.....(..(ยง.((....... ### ###
##########.((C[.(.#####
###.###.###.###.###..(.....(((...
)#...#...#...#...#...#....#(.((((
.@...C..........[...##....#####([
.#................[###....#(.##..
###@...@........@...##....#[?.##.
# ##..#......#.....C.#....#...##.
###..###C...###.C...##....#....##
.#..##(##..## ##...###....#....##
...##.[/##..###..@..##....#.....#
....##.).##..#.......#....#.....#
...@.#..).##........## #......
.C.#....)(.##......## #.....#
..###.....(.##......## #....)#


You could see a fire giant, a stone giant and a vault sentinel.

Vanquished Creatures
  Saint Roka (Orc:4)
  Xtahua (Vaults:3)
  Frederick (Swamp:5)
  A lich (Vaults:3)
  Rupert (Swamp:2)
  Agnes (Swamp:5)
  2 tengu reavers
  2 tentacled starspawn (Abyss:1)
  7 vault wardens
  A deep elf sorcerer (Vaults:3)
  3 ghost moths (Spider:5)
  A frost giant (Vaults:2)
  Aizul (Spider:4)
  Louise (D:15)
  2 emperor scorpions
  Gastronok (Lair:3)
  Jorgrun (Swamp:5)
  13 stone giants
  A green death (Abyss:1)
  A minotaur (Lab)
  7 yaktaur captains
  2 dragons
  12 vault guards
  Fannar (Lair:2)
  2 ironheart preservers (Vaults:3)
  Josephine (Orc:3)
  20 hydras
  Nessos (D:15)
  2 great orbs of eyes
  A ravenous feature mimic (Vaults:2)
  Erica (Lair:2)
  6 ogre magi
  A deep troll earth mage (Vaults:4)
  18 alligators
  9 death yaks
  2 dancing weapons (Vaults:3)
  7 very ugly things
  An orc high priest (Orc:4)
  2 thrashing horrors (Abyss:1)
  2 wretched stars (Abyss:1)
  Urug (D:15)
  A catoblepas (Lair:8)
  A fire crab (shapeshifter) (Vaults:1)
  Nergalle (Orc:4)
  6 centaur warriors
  A wizard (Vaults:1)
  3 skeletal warriors (D:17)
  A deep elf knight (Vaults:3)
  A spatial maelstrom (Abyss:1)
  5 large abominations (Abyss:1)
  3 unseen horrors
  5 hell knights (Swamp:5)
  A flayed ghost (Vaults:4)
  10 swamp dragons
  6 hill giants
  6 ironbrand convokers
  An unseen horror (shapeshifter) (Vaults:1)
  3 deep trolls (Vaults:4)
  4 necromancers
  Pikel (D:5)
  5 cyclopes
  14 orc knights
  3 giant amoebae
  3 orc sorcerers
  2 wolf spider zombies
  4 harpies (Vaults:4)
  A harpy (shapeshifter) (D:16)
  4 red wasps
  28 wolf spiders
  2 phantasmal warriors
  11 vault sentinels
  A spiny worm (shapeshifter) (Vaults:1)
  5 griffons
  4 sixfirhies
  A fire giant skeleton (Vaults:2)
  An apocalypse crab (Abyss:1)
  A guardian serpent (Abyss:1)
  A black mamba (shapeshifter) (D:17)
  5 spiny worms
  3 black mambas
  18 spiny frogs
  2 spiny frogs (shapeshifter)
  A tormentor (Abyss:1)
  A feature mimic (Orc:4)
  A queen ant (Spider:5)
  An orange demon (Abyss:1)
  Psyche (Orc:2)
  10 demonic crawlers
  A deep elf summoner (Vaults:3)
  2 fire drakes
  8 orb spiders
  A smoke demon (Abyss:1)
  20 yaktaurs
  An efreet (Abyss:1)
  2 hellwings (Abyss:1)
  5 komodo dragons
  Grinder (D:5)
  A redback zombie (Vaults:1)
  2 trolls
  25 jumping spiders
  A blue devil (Abyss:1)
  An iron troll skeleton (Vaults:2)
  6 polar bears
  A queen bee (Lair:7)
  Sonja (Orc:2)
  4 giant leeches
  6 boulder beetles
  Prince Ribbit (Abyss:1)
  15 two-headed ogres
  4 baby alligators
  A baby alligator (shapeshifter) (Vaults:3)
  16 slime creatures
  9 spectral orcs (Orc:4)
  7 bog bodies
  A grizzly bear (shapeshifter) (Vaults:2)
  3 basilisks
  A griffon zombie (D:14)
  13 blink frogs
  11 grizzly bears
  An octopode (shapeshifter) (Vaults:2)
  5 water elementals (D:17)
  4 sharks
  2 ynoxinuls (Abyss:1)
  28 redbacks
  18 trapdoor spiders
  A tarantella (shapeshifter) (Vaults:5)
  4 wraiths
  2 hill giant zombies
  A shadow (D:15)
  3 wyverns
  74 ugly things
  Eustachio (D:9)
  A toenail golem (Vaults:1)
  A deep elf mage (Vaults:3)
  A fire elemental (Abyss:1)
  55 yaks
  32 tarantellas
  2 deep elf fighters (Vaults:3)
  3 steam dragons
  5 wolves (Lair:4)
  47 vampire mosquitoes
  10 hippogriffs
  The ghost of cedor the Poker, an average DsCK of Xom (D:6)
  3 manticores
  3 hill giant skeletons
  2 neqoxecs (Abyss:1)
  A hungry ghost (D:14)
  2 necrophages
  Menkaure (D:5)
  The ghost of Kejsarherre the Skirmisher, an average TeAK of Lugonu (D:3)
  16 soldier ants
  2 agate snail zombies
  5 rock worms
  9 porcupines
  A deep troll skeleton (Vaults:4)
  14 swamp drakes
  8 mottled dragons
  4 small abominations (Abyss:1)
  27 swamp worms
  20 giant goldfish
  7 ice beasts
  2 sky beasts
  2 yellow wasps
  2 freezing wraiths
  7 black bears
  28 ogres
  4 human zombies
  20 centaurs
  33 orc warriors
  A phantom (D:4)
  19 crocodiles
  Sigmund (D:3)
  Duvessa (D:5)
  21 giant frogs
  2 boring beetles
  7 wargs
  9 giant slugs
  A yaktaur zombie (Vaults:3)
  21 water moccasins
  12 humans
  2 big kobolds
  A manticore zombie (D:12)
  5 agate snails
  23 insubstantial wisps
  A yaktaur skeleton (D:14)
  A cyclops skeleton (D:12)
  2 eyes of draining
  A hippogriff zombie (D:10)
  2 troll zombies (D:14)
  8 wights
  3 troll skeletons
  16 jellyfish
  2 yak skeletons
  19 killer bees (Lair:7)
  14 electric eels
  Dowan (D:5)
  5 goliath beetles
  A pulsating lump (shapeshifter) (Vaults:5)
  8 hounds
  2 quasits
  2 basilisk zombies
  2 giant frog zombies
  13 crimson imps
  Crazy Yiuf (D:7)
  8 big fish
  20 orc priests
  5 scorpions
  A giant frog skeleton (D:9)
  4 jellies
  38 spiders
  52 worker ants
  11 iguanas
  4 orange rats (Vaults:3)
  30 orc wizards
  A brain worm zombie (D:12)
  16 sheep
  A big kobold zombie (D:12)
  Ijyb (D:3)
  2 big kobold skeletons
  3 ogre skeletons
  An ogre zombie (D:7)
  A hound zombie (D:10)
  Terence (D:2)
  2 hound skeletons
  20 adders
  7 giant centipedes
  59 green rats
  2 lemures (Abyss:1)
  A worm zombie (D:5)
  A brain worm simulacrum (Abyss:1)
  A giant mite (Lair:6)
  A white imp (Abyss:1)
  2 worms (D:5)
  21 ufetubi
  2 grey rats
  4 giant eyeballs
  6 giant geckos
  173 orcs
  22 bats
  A bat skeleton (D:4)
  6 giant cockroaches
  12 goblins
  19 hobgoblins
  25 jackals
  9 quokkas
  2 ball pythons
  6 giant newts
  A giant newt zombie (D:5)
  A goblin zombie (Orc:3)
  A hobgoblin skeleton (D:5)
  A jackal skeleton (D:6)
  23 kobolds
  A kobold skeleton (D:5)
  2 orc simulacra (Orc:3)
  5 orc skeletons (Orc:3)
  3 orc zombies
  17 rats
  11 ballistomycetes
  2 bushes (D:16)
  2 fungi (D:9)
  A plant (D:17)
1938 creatures vanquished.

Vanquished Creatures (others)
  Margery (Swamp:5)
  A storm dragon (Vaults:5)
  A tengu reaver (Vaults:4)
  2 emperor scorpions (Spider:5)
  3 vault wardens
  6 stone giants
  A great orb of eyes (Vaults:5)
  5 yaktaur captains
  3 hydras
  12 vault guards
  4 slime creatures
  3 centaur warriors
  2 skeletal warriors (D:17)
  A storm dragon skeleton (Vaults:4)
  A swamp dragon (Swamp:5)
  A deep troll (Vaults:4)
  2 ironbrand convokers (Vaults:5)
  A flayed ghost (Vaults:4)
  2 wizards
  4 orc knights
  8 hill giants
  4 stone giant zombies
  3 orc sorcerers
  A cyclops (Vaults:2)
  A stone giant skeleton (Vaults:5)
  An orange demon (Abyss:1)
  14 yaktaurs
  A troll (D:12)
  2 two-headed ogres
  A redback (Vaults:3)
  3 boulder beetles
  2 yaks
  A shark (D:17)
  A tarantella (Spider:2)
  A wyvern (D:15)
  8 ugly things
  2 deep elf fighters (Vaults:3)
  A rock worm (Vaults:3)
  A freezing wraith (Vaults:4)
  2 slaves (D:5)
  A boring beetle (Lair:6)
  An ogre (Vaults:2)
  A centaur (D:13)
  A boring beetle (shapeshifter) (Vaults:5)
  A brain worm (Vaults:1)
  2 water moccasins
  A spider (Spider:2)
  A big fish (Swamp:3)
  5 humans
  2 orc wizards
  A sheep (shapeshifter) (Vaults:5)
  An orc (Orc:3)
  4 giant spores
  2 orc zombies (Orc:3)
  A rat (D:9)
  A ballistomycete (D:15)
  5 fungi
  15 plants
  6 starspawn tentacles (Abyss:1)
  42 starspawn tentacle segments (Abyss:1)
208 creatures vanquished.

Grand Total: 2146 creatures vanquished

Notes
Turn   | Place    | Note
--------------------------------------------------------------
     0 | Abyss:1  | Kejsarherre, the Gargoyle Abyssal Knight, began the quest for the Orb.
     0 | Abyss:1  | Reached XP level 1. HP: 12/12 MP: 1/1
    65 | Abyss:1  | Noticed a brain worm
   110 | Abyss:1  | Noticed a large abomination
   110 | Abyss:1  | Noticed a large abomination
   138 | D:1      | Escaped the Abyss
   336 | D:1      | Reached XP level 2. HP: 11/17 MP: 2/2
   482 | D:1      | Acquired Lugonu's first power
   683 | D:1      | Reached skill level 1 in Dodging
   683 | D:1      | Reached XP level 3. HP: 22/22 MP: 4/4
   804 | D:2      | Reached skill level 4 in Fighting
   907 | D:2      | Gained mutation: You have claws for feet. [potion of mutation]
   907 | D:2      | Gained mutation: You digest meat inefficiently. [potion of mutation]
   907 | D:2      | Lost mutation: You digest meat inefficiently. [potion of mutation]
  1090 | D:2      | Noticed Terence
  1104 | D:2      | Killed Terence
  1104 | D:2      | Acquired Lugonu's second power
  1104 | D:2      | Reached XP level 4. HP: 16/28 MP: 5/5
  1532 | D:3      | Noticed Ijyb
  1544 | D:3      | Killed Ijyb
  1706 | D:3      | Reached XP level 5. HP: 32/32 MP: 7/7
  1781 | D:3      | Found a basalt altar of Yredelemnul.
  1838 | D:3      | Noticed Kejsarherre's ghost (average TeAK)
  1846 | D:3      | Killed Kejsarherre's ghost
  1846 | D:3      | Reached XP level 6. HP: 33/37 MP: 8/8
  1933 | D:3      | Noticed Sigmund
  1954 | D:3      | Killed Sigmund
  2000 | D:3      | Acquired Lugonu's third power
  2594 | D:4      | Reached skill level 5 in Fighting
  2759 | D:4      | Reached XP level 7. HP: 20/42 MP: 6/10
  3240 | D:5      | Entered Level 5 of the Dungeon
  3255 | D:5      | Noticed Grinder
  3262 | D:5      | Paralysed by Grinder for 5 turns
  3285 | D:5      | Paralysed by Grinder for 5 turns
  3292 | D:5      | Killed Grinder
  3292 | D:5      | Reached XP level 8. HP: 29/48 MP: 6/11
  3376 | D:5      | Noticed Prince Ribbit
  3386 | D:5      | Banished Prince Ribbit
  3386 | D:5      | Reached skill level 5 in Dodging
  3609 | D:5      | Noticed Menkaure
  3716 | D:5      | Killed Menkaure
  3716 | D:5      | Reached skill level 5 in Armour
  3829 | D:5      | Reached skill level 6 in Fighting
  3889 | D:5      | Paralysed by a giant eyeball for 4 turns
  3895 | D:5      | Paralysed by a giant eyeball for 3 turns
  3901 | D:5      | Noticed Duvessa
  3901 | D:5      | Noticed Dowan
  3910 | D:5      | Killed Duvessa
  3921 | D:5      | Killed Dowan
  3921 | D:5      | Reached skill level 5 in Maces & Flails
  3992 | D:5      | Noticed Pikel
  4022 | D:5      | Killed Pikel
  4022 | D:5      | Reached XP level 9. HP: 53/53 MP: 12/15
  4090 | D:5      | Learned a level 2 spell: Swiftness
  4186 | D:6      | Acquired Lugonu's fourth power
  4254 | D:6      | Reached skill level 7 in Fighting
  4273 | D:6      | Noticed cedor's ghost (average DsCK)
  4307 | D:6      | Killed cedor's ghost
  4644 | D:6      | Reached skill level 5 in Invocations
  5037 | D:7      | Found a staircase to the Ecumenical Temple.
  5283 | D:7      | Noticed Crazy Yiuf
  5293 | D:7      | Killed Crazy Yiuf
  5780 | D:8      | Reached XP level 10. HP: 60/60 MP: 18/18
  5808 | D:8      | Found a staircase to the Orcish Mines.
  5881 | D:8      | Reached skill level 8 in Fighting
  6074 | D:8      | Acquired Lugonu's fifth power
  6333 | D:9      | Found a burning altar of Makhleb.
  6386 | D:9      | Found a staircase to the Lair.
  6788 | D:9      | Found Zirer's Jewellery Emporium.
  6849 | D:9      | Reached skill level 9 in Maces & Flails
  6943 | D:9      | Noticed Eustachio
  6963 | D:9      | Killed Eustachio
  7156 | D:10     | Entered Level 10 of the Dungeon
  7291 | D:10     | Noticed a hill giant
  7292 | D:10     | Banished a hill giant
  7695 | D:10     | Reached skill level 10 in Maces & Flails
  8122 | D:11     | Found a labyrinth entrance.
  8132 | Lab      | Entered a labyrinth
  8531 | Lab      | Noticed a minotaur
  8542 | Lab      | Killed a minotaur
  8542 | Lab      | Reached XP level 11. HP: 27/67 MP: 8/21
  8559 | D:11     | Reached skill level 11 in Maces & Flails
  8561 | D:11     | Identified a +5 rod of demonology (9/9) (You found it in a labyrinth)
  8562 | D:11     | Identified a +4 rod of demonology (11/11) (You found it in a labyrinth)
  8566 | D:11     | Identified a +9 rod of venom (8/11) (You took it off a minotaur in a labyrinth)
  9373 | D:12     | Reached skill level 10 in Fighting
  9503 | D:12     | Found Orad's Distillery.
  9525 | D:12     | Bought a potion of mutation for 36 gold pieces
  9527 | D:12     | Gained mutation: Your mind is acute. (Int +2) [potion of mutation]
  9527 | D:12     | Gained mutation: You are partially covered in thin metallic scales (AC +2). [potion of mutation]
  9527 | D:12     | Gained mutation: You are weak. (Str -2) [potion of mutation]
  9528 | D:12     | Bought a potion of mutation for 36 gold pieces
  9529 | D:12     | Gained mutation: You are clumsy. (Dex -2) [potion of mutation]
  9529 | D:12     | Gained mutation: Your spells are a little harder to cast, but a little more powerful. [potion of mutation]
  9529 | D:12     | Lost mutation: You have claws for feet. [potion of mutation]
  9545 | D:12     | Learned a level 1 spell: Shock
  9620 | D:12     | Noticed a hill giant
  9625 | D:12     | Banished a hill giant
  9716 | D:12     | Reached skill level 12 in Maces & Flails
  9916 | D:13     | Noticed a centaur warrior
 10245 | D:13     | Banished a centaur warrior
 10586 | D:13     | Noticed a centaur warrior
 10586 | D:13     | Banished a centaur warrior
 10847 | D:13     | Noticed a five-headed hydra
 10858 | D:13     | Killed a five-headed hydra
 10924 | D:13     | Noticed a hill giant
 10924 | D:13     | Banished a hill giant
 11179 | D:13     | Reached XP level 12. HP: 45/74 MP: 22/22
 11511 | D:13     | Reached skill level 13 in Maces & Flails
 12346 | Lair:1   | Entered Level 1 of the Lair of Beasts
 13049 | Lair:2   | Noticed Erica
 13064 | Lair:2   | Killed Erica
 13209 | Lair:2   | Noticed Fannar
 13248 | Lair:2   | Killed Fannar
 13371 | Lair:2   | Reached skill level 14 in Maces & Flails
 13613 | Lair:2   | Noticed a seven-headed hydra
 13889 | Lair:2   | Killed a seven-headed hydra
 14254 | Lair:3   | Noticed a five-headed hydra
 14271 | Lair:3   | Banished a five-headed hydra
 14572 | Lair:3   | Noticed Gastronok
 14613 | Lair:3   | Killed Gastronok
 14913 | Lair:3   | Reached XP level 13. HP: 80/80 MP: 23/23
 15166 | Lair:4   | Reached skill level 15 in Maces & Flails
 15629 | Lair:4   | Found a staircase to the Swamp.
 15865 | Lair:4   | Found a hole to the Spider Nest.
 17011 | Lair:5   | Got an encrusted sabre
 17012 | Lair:5   | Identified the +8,+0 sabre "Veatar" {slice, rPois rN+} (You found it on level 5 of the Lair of Beasts)
 17489 | Lair:6   | Reached skill level 10 in Armour
 18163 | Lair:6   | Reached skill level 1 in Spellcasting
 18163 | Lair:6   | Reached skill level 1 in Conjurations
 19543 | Lair:8   | Entered Level 8 of the Lair of Beasts
 19871 | Lair:8   | Found a staircase to the Slime Pits.
 19871 | Lair:8   | Noticed an acid blob
 20134 | Lair:8   | Gained mutation: Your wings are large and strong. [gargoyle growth]
 20134 | Lair:8   | Reached XP level 14. HP: 84/88 MP: 24/24
 20470 | Lair:2   | Learned a level 3 spell: Regeneration
 21220 | Lair:8   | Got a transparent falchion
 21233 | Lair:8   | Identified the +6,+8 falchion of Pride {drain, rF- rC+} (You found it on level 8 of the Lair of Beasts)
 21742 | Lair:8   | Reached skill level 5 in Conjurations
 22417 | D:13     | Paralysed by a giant eyeball for 4 turns
 22424 | D:13     | Paralysed by a giant eyeball for 4 turns
 22434 | D:13     | Paralysed by a giant eyeball for 3 turns
 22730 | D:14     | Entered Level 14 of the Dungeon
 23322 | D:14     | Lost mutation: Your mind is acute. (Int +2) [potion of mutation]
 23322 | D:14     | Gained mutation: You have sharp fingernails. [potion of mutation]
 24201 | D:15     | Entered Level 15 of the Dungeon
 24205 | D:15     | Noticed Nessos
 24319 | D:16     | Reached skill level 1 in Shields
 24688 | D:15     | Noticed Urug
 24713 | D:15     | Killed Urug
 24773 | D:15     | Killed Nessos
 24781 | D:15     | Noticed Louise
 25145 | D:15     | Killed Louise
 25145 | D:15     | Reached skill level 5 in Shields
 25431 | D:15     | Reached XP level 15. HP: 43/94 MP: 25/25
 27353 | D:16     | Reached skill level 10 in Shields
 27939 | D:16     | Found Cerug's Antique Weapon Shoppe.
 28202 | D:16     | Upgraded the game from 0.13.0-13-g27bfa31 to 0.13.0-15-g9204fa6
 28681 | D:16     | Lost mutation: You are clumsy. (Dex -2) [potion of cure mutation]
 28681 | D:16     | Lost mutation: You are weak. (Str -2) [potion of cure mutation]
 28681 | D:16     | Lost mutation: Your spells are a little harder to cast, but a little more powerful. [potion of cure mutation]
 28681 | D:16     | Lost mutation: You have sharp fingernails. [potion of cure mutation]
 28681 | D:16     | Lost mutation: You are partially covered in thin metallic scales (AC +2). [potion of cure mutation]
 29517 | Orc:1    | Entered Level 1 of the Orcish Mines
 30054 | Orc:2    | Noticed Sonja
 30070 | Orc:2    | Killed Sonja
 30536 | Orc:2    | Found a roughly hewn altar of Beogh.
 31004 | Orc:3    | Found a roughly hewn altar of Beogh.
 31028 | Orc:3    | Noticed Josephine
 31048 | Orc:3    | Killed Josephine
 31251 | Orc:3    | Noticed Psyche
 31258 | Orc:3    | Cast into the Abyss (Psyche)
 31259 | Abyss:1  | Found an iron altar of Okawaru.
 31357 | Orc:3    | Escaped the Abyss
 31778 | Orc:2    | Killed Psyche
 32145 | Orc:3    | Found Ewkaitaw's Jewellery Shop.
 32157 | Orc:3    | Bought an uncursed ring of protection from cold for 325 gold pieces
 32340 | Orc:4    | Entered Level 4 of the Orcish Mines
 32572 | Orc:4    | Found Waopizal's Assorted Antiques.
 32734 | Orc:4    | Bought a scroll of enchant armour for 176 gold pieces
 32734 | Orc:4    | Bought a scroll of recharging for 176 gold pieces
 32734 | Orc:4    | Bought a gluggy green potion for 28 gold pieces
 32734 | Orc:4    | Bought a scroll of identify for 64 gold pieces
 32987 | Orc:4    | Found a roughly hewn altar of Beogh.
 32987 | Orc:4    | Noticed Saint Roka
 33510 | Orc:4    | Killed Saint Roka
 33510 | Orc:4    | Reached XP level 16. HP: 41/100 MP: 26/26
 33815 | Orc:4    | Noticed Nergalle
 33908 | Orc:4    | Killed Nergalle
 34472 | Orc:4    | Found Oliets' Book Shoppe.
 34490 | Orc:4    | Found Two Skac's Antique Armour Shoppe.
 34496 | Orc:4    | Found Hiuwnuke's General Store.
 34511 | Orc:4    | Found Nuyrin's Antique Weapon Shoppe.
 34533 | Orc:4    | Hiuwnuke's General Store was a mimic.
 34570 | Orc:4    | Bought an elven cloak for 33 gold pieces
 34659 | Orc:4    | Found Truclus' Antique Armour Emporium.
 34664 | Orc:4    | Found Butommak's Food Shop.
 34676 | Orc:4    | Found a staircase to the Elven Halls.
 34683 | Orc:4    | Found Jyllomal's Gadget Shop.
 35230 | Swamp:1  | Entered Level 1 of the Swamp
 35950 | Swamp:2  | Noticed Rupert
 35986 | Swamp:2  | Paralysed by Rupert for 2 turns
 36396 | Swamp:2  | Noticed Roxanne
 36447 | Swamp:2  | Killed Rupert
 36552 | Swamp:2  | Reached skill level 1 in Charms
 39067 | Swamp:3  | Reached skill level 10 in Dodging
 40531 | Swamp:4  | Identified a scroll of acquirement
 40540 | Swamp:4  | Got a bone demon whip
 40541 | Swamp:4  | Identified the demon whip "Zecal" {pain, rC+ MR++} (You acquired it on level 4 of the Swamp)
 41023 | Swamp:5  | Entered Level 5 of the Swamp
 41053 | Swamp:5  | Noticed Agnes
 41094 | Swamp:5  | Killed Agnes
 41383 | Swamp:5  | Reached XP level 17. HP: 102/107 MP: 27/27
 41481 | Swamp:5  | Reached skill level 15 in Shields
 41483 | Swamp:5  | Noticed Jorgrun
 41535 | Swamp:5  | Killed Jorgrun
 41923 | Swamp:5  | Noticed Frederick
 41974 | Swamp:5  | Killed Frederick
 42286 | Swamp:5  | Noticed Margery
 43421 | Swamp:5  | Killed Margery
 43660 | Swamp:5  | Reached skill level 1 in Necromancy
 43851 | Swamp:5  | Reached skill level 5 in Charms
 43944 | Swamp:5  | Reached skill level 1 in Axes
 44208 | Swamp:5  | Noticed the 27-headed Lernaean hydra
 44664 | Spider:1 | Entered Level 1 of the Spider Nest
 45231 | Spider:1 | Reached skill level 5 in Axes
 46814 | Spider:3 | Reached XP level 18. HP: 67/114 MP: 22/28
 46996 | Spider:4 | Noticed Aizul
 47063 | Spider:4 | Killed Aizul
 47063 | Spider:4 | Reached skill level 10 in Axes
 48361 | Spider:5 | Entered Level 5 of the Spider Nest
 50117 | Spider:5 | Got a gossamer rune of Zot
 50642 | Orc:2    | Gained mutation: You are robust (+10% HP). [mutagenic glow]
 50745 | D:9      | Bought an uncursed amulet of resist mutation for 440 gold pieces
 51017 | D:9      | Cast into the Abyss (a distortion unwield)
 51327 | Abyss:1  | Paralysed by you for 5 turns
 51432 | Abyss:1  | Killed Prince Ribbit
 51478 | Abyss:1  | Reached skill level 15 in Axes
 51730 | Abyss:1  | Noticed a bone dragon
 51979 | Abyss:1  | Found a corrupted altar of Lugonu.
 52003 | Abyss:1  | Identified a +2,+3 broad axe of distortion (a +1,+2 broad axe of flaming corrupted by Lugonu)
 52004 | D:9      | Escaped the Abyss
 52344 | Swamp:5  | HP: 3/125 [the 27-headed Lernaean hydra (8)]
 52344 | Swamp:5  | HP: 1/125 [the 27-headed Lernaean hydra (2)]
 53499 | D:17     | Reached skill level 1 in Air Magic
 53801 | D:17     | Found a staircase to the Vaults.
 53841 | D:17     | Reached XP level 19. HP: 115/130 MP: 29/29
 53957 | Vaults:1 | Entered Level 1 of the Vaults
 54938 | Vaults:1 | Reached skill level 16 in Axes
 55792 | Vaults:2 | Noticed Frances
 55796 | Vaults:2 | Banished Frances
 56081 | Vaults:2 | Found a staircase to the Crypt.
 56081 | Vaults:2 | Found an ancient bone altar of Kikubaaqudgha.
 56082 | Vaults:2 | Found a basalt altar of Yredelemnul.
 56168 | Vaults:2 | Noticed Donald
 56175 | Vaults:2 | Banished Donald
 56605 | Vaults:3 | Found a staircase to the Hall of Blades.
 56816 | Vaults:3 | Found Kliweoffui's Magic Scroll Boutique.
 56824 | Vaults:3 | Bought a scroll of enchant weapon I for 71 gold pieces
 56824 | Vaults:3 | Bought a scroll of blinking for 71 gold pieces
 56919 | Vaults:3 | Noticed Xtahua
 56965 | Vaults:3 | Killed Xtahua
 56985 | Vaults:3 | Reached skill level 10 in Invocations
 57103 | Vaults:3 | Reached XP level 20. HP: 93/137 MP: 21/32
 57237 | Vaults:3 | Noticed a lich
 57251 | Vaults:3 | Killed a lich
 57992 | Vaults:4 | Found a flickering gateway to a bazaar.
 58006 | Bazaar   | Entered a bazaar
 58006 | Bazaar   | Found Cakuludgh's Antique Armour Emporium.
 58022 | Bazaar   | Found Beb Enib's Magical Wand Shop.
 58025 | Bazaar   | Bought the +0 cloak of Starlight {rElec rC+ EV+4 Stlth-} for 1212 gold pieces
 58136 | Bazaar   | Found Kineaqaf's Gadget Shop.
 58169 | Bazaar   | Found Ylilist's Magical Wand Boutique.
 58722 | Abyss:1  | Found a corrupted altar of Lugonu.
 58741 | Vaults:4 | Escaped the Abyss
 59962 | Vaults:5 | Entered Level 5 of the Vaults
 60351 | Vaults:5 | Reached skill level 15 in Invocations
 60418 | Vaults:5 | Got an ancient amber ring
 60635 | Vaults:5 | Got a silver rune of Zot
 60736 | Vaults:5 | Noticed a golden dragon
 60739 | Vaults:5 | Reached XP level 21. HP: 104/145 MP: 36/36
 60749 | Vaults:5 | Reached skill level 15 in Fighting
 61223 | Vaults:5 | HP: 7/145 [tentacled monstrosity (3)]
 61469 | Vaults:5 | HP: 3/145 [tengu reaver/bolt of magma (8)]
 61470 | Vaults:5 | Killed from afar by a fire giant

Action                   |  1- 3 |  4- 6 |  7- 9 | 10-12 | 13-15 | 16-18 | 19-21 || total
-------------------------+-------+-------+-------+-------+-------+-------+-------++-------
Melee: Mace              |    85 |    40 |    95 |    13 |       |       |       ||   233
       Whip              |       |   110 |   283 |  1308 |  3448 |   926 |       ||  6075
       Great mace        |       |       |    29 |       |       |       |       ||    29
       Flail             |       |       |       |     1 |       |       |       ||     1
       Morningstar       |       |       |       |       |    95 |   460 |       ||   555
       Demon whip        |       |       |       |       |       |  2935 |       ||  2935
       Rod               |       |       |       |       |       |     5 |       ||     5
       Broad axe         |       |       |       |       |       |   217 |  1759 ||  1976
 Cast: Regeneration      |       |       |       |       |       |    45 |   102 ||   147
       Swiftness         |       |       |       |       |       |     4 |     1 ||     5
Invok: Depart the Abyss  |     1 |       |       |       |     1 |     1 |     1 ||     4
       Banish            |       |       |     1 |    14 |    17 |    18 |    32 ||    82
       Bend Space        |       |       |       |       |       |     1 |       ||     1
       Enter the Abyss   |       |       |       |       |       |       |     1 ||     1
 Abil: Fly               |       |       |       |       |     1 |       |       ||     1
       Stop Flying       |       |       |       |       |       |       |     1 ||     1
Evoke: Wand              |       |       |       |    23 |    15 |     4 |       ||    42
       Rod               |       |       |       |     3 |     3 |       |       ||     6
  Use: Scroll            |     2 |     1 |    22 |    16 |    15 |    35 |    19 ||   110
       Potion            |     1 |     2 |     1 |     5 |    13 |     9 |     7 ||    38
 Stab: Invisible         |       |       |     1 |       |     7 |     1 |       ||     9
       Paralysed         |       |       |       |     1 |       |       |       ||     1
       Fleeing           |       |       |       |       |     1 |     1 |       ||     2
       Sleeping          |       |       |       |       |       |     6 |     1 ||     7
       Distracted        |       |       |       |       |       |     1 |       ||     1
